Map: Lightshade LE

Players

HellraiseR

  • Race: Protoss Protoss
  • League: Master
  • Spawn Location: 11:00

LiquidMaNa (MaNa) - Winner!

  • Race: Protoss Protoss
  • League: Grandmaster
  • Spawn Location: 5:00

Event: DreamHack SC2 Masters 2020 Winter

VOD

Have the link to the VOD?

Description

Time

  • Played on: Oct. 22, 2020, 2:37 p.m.
  • Length: 9:10

All games in this series

Show
View Real Time Build Order
Export as new Build Order

HellraiseR Protoss 

Build Orders: Oracle Opening 

Get SALT Encoding   

  12  0:00  Probe  
  13  0:12  Probe  
  14  0:18  Pylon  
  14  0:24  Probe (Chrono Boost)  
  15  0:37  Gateway, Probe (Chrono Boost)  
  16  0:44  Probe (Chrono Boost)  
  16  0:46  Assimilator  
  17  0:51  Probe  
  17  0:54  Assimilator  
  18  1:03  Probe (Chrono Boost)  
  19  1:09  Gateway  
  19  1:13  Probe (Chrono Boost)  
  19  1:18  Probe (Chrono Boost)  
  20  1:24  Cybernetics Core  
  21  1:30  Probe  
  22  1:35  Pylon  
  22  1:42  Probe  
  23  1:54  Probe  
  24  2:00  Stalker  
  24  2:01  Stalker, Warp Gate  
  28  2:06  Probe  
  29  2:12  Pylon  
  29  2:27  Probe  
  30  2:33  Stalker x2  
  34  2:40  Stargate  
  34  3:06  Nexus  
  34  3:13  Probe  
  35  3:21  Oracle (Chrono Boost)  
  35  3:24  Pylon  
  38  3:30  Probe  
  39  3:42  Probe  
  40  3:51  Oracle (Chrono Boost)  
  40  3:55  Probe  
  42  4:01  Twilight Council  
  42  4:07  Probe  
  42  4:09  Stalker x2  
  47  4:19  Probe (Chrono Boost)  
  47  4:20  Probe (Chrono Boost)  
  49  4:29  Probe x2 (Chrono Boost)  
  51  4:34  Forge  
  51  4:35  Probe  
  51  4:36  Probe  
  53  4:41  Blink  
  53  4:47  Probe  
  53  4:48  Probe  
  55  4:59  Probe  
  56  5:01  Stalker  
  56  5:02  Stalker  
  56  5:07  Gateway, Protoss Ground Weapons Level 1 (Chrono Boost)  
  61  5:09  Pylon  
  61  5:10  Gateway  
  60  5:15  Probe  
  60  5:17  Probe  
  60  5:19  Assimilator  
  62  5:26  Shield Battery  
  62  5:33  Probe x2  
  62  5:34  Pylon  
  64  5:40  Stalker x2  
  67  5:54  Shield Battery  
  67  5:57  Probe x2  
  67  6:03  Stalker x3  
  75  6:04  Stalker  
  75  6:09  Probe  
  78  6:14  Probe  
  78  6:16  Pylon  
  76  6:21  Probe  
  76  6:23  Nexus  
  77  6:29  Probe  
  78  6:33  Pylon  
  78  6:34  Probe  
  78  6:36  Stalker x2  
  78  6:39  Stalker  
  85  6:44  Probe  
  86  6:51  Stalker, Probe  
  89  6:55  Protoss Ground Weapons Level 2 (Chrono Boost)  
  89  6:57  Probe  
  89  6:59  Stalker x2  
  94  7:08  Pylon  
  94  7:16  Photon Cannon  
  94  7:18  Charge  
  94  7:19  Photon Cannon  
  94  7:27  Gateway  
  94  7:29  Gateway  
  94  7:33  Gateway  
  94  7:36  Gateway  
  94  7:38  Probe  
  94  7:39  Probe  
  94  7:41  Probe  
  97  7:46  Robotics Facility  
  97  7:50  Probe  
  97  7:51  Probe  
  99  7:53  Probe  
  98  8:00  Stalker  
  98  8:01  Stalker  
  98  8:02  Probe  
  98  8:03  Probe  
  104  8:09  Stalker, Sentry  
  104  8:11  Assimilator  
  108  8:19  Pylon x2  
  108  8:22  Stalker  
  108  8:24  Shield Battery  
  110  8:27  Stalker x3  
  109  8:43  Probe  
  109  8:47  Zealot x4  
  109  8:48  Zealot  
  93  8:57  Probe  
  74  9:04  Stalker x3  
Show
View Real Time Build Order
Export as new Build Order

LiquidMaNa Protoss - Winner!

Build Orders: Phoenix Opening 

Get SALT Encoding   

  12  0:00  Probe  
  13  0:12  Probe  
  14  0:16  Pylon  
  14  0:24  Probe  
  15  0:35  Gateway  
  15  0:36  Probe (Chrono Boost)  
  16  0:43  Assimilator  
  16  0:46  Probe (Chrono Boost)  
  17  0:52  Probe (Chrono Boost)  
  17  0:55  Assimilator  
  18  1:04  Probe (Chrono Boost)  
  18  1:07  Gateway  
  19  1:13  Probe (Chrono Boost)  
  20  1:18  Probe  
  20  1:23  Cybernetics Core  
  21  1:30  Probe  
  22  1:37  Pylon  
  22  1:42  Probe  
  23  2:00  Stalker x2, Warp Gate  
  27  2:09  Pylon  
  27  2:25  Probe  
  28  2:30  Sentry x2  
  32  2:37  Probe  
  32  2:47  Nexus  
  32  2:50  Probe (Chrono Boost)  
  33  2:58  Pylon  
  33  3:00  Probe (Chrono Boost)  
  33  3:03  Sentry  
  33  3:05  Phoenix  
  36  3:06  Probe  
  37  3:13  Stalker  
  37  3:18  Probe  
  40  3:30  Probe  
  41  3:35  Twilight Council  
  41  3:42  Probe  
  42  3:50  Stalker  
  42  3:53  Stalker  
  42  3:54  Probe  
  45  3:59  Probe  
  45  4:02  Blink (Chrono Boost)  
  46  4:06  Probe  
  46  4:07  Phoenix  
  47  4:11  Probe  
  48  4:18  Probe  
  48  4:24  Stalker x2, Probe  
  50  4:30  Probe  
  55  4:36  Probe  
  56  4:43  Shield Battery, Probe  
  56  4:56  Stalker x2  
  56  4:59  Probe x2  
  62  5:04  Pylon  
  62  5:09  Shield Battery  
  62  5:14  Pylon, Nexus  
  62  5:18  Forge  
  62  5:22  Probe  
  62  5:25  Adept x2  
  62  5:27  Probe  
  68  5:34  Phoenix  
  68  5:35  Probe  
  69  5:38  Gateway  
  69  5:39  Probe  
  69  5:42  Assimilator  
  70  5:43  Pylon  
  70  5:47  Probe  
  71  5:50  Robotics Facility  
  71  5:52  Probe  
  72  5:59  Stalker x2, Protoss Ground Weapons Level 1 (Chrono Boost), Probe  
  77  6:07  Probe  
  77  6:11  Probe  
  78  6:18  Gateway  
  78  6:19  Gateway, Probe  
  78  6:23  Probe  
  80  6:27  Gateway, Probe  
  80  6:31  Probe  
  82  6:38  Probe  
  82  6:39  Observer, Probe  
  85  6:42  Shield Battery  
  85  6:43  Probe  
  85  6:44  Shield Battery  
  86  6:49  Stalker x3  
  86  6:54  Probe x2  
  94  6:55  Charge  
  94  7:01  Immortal  
  94  7:03  Probe  
  99  7:13  Stalker, Shield Battery  
  101  7:15  Pylon  
  101  7:16  Pylon  
  101  7:21  Shield Battery  
  101  7:34  Stalker x3  
  101  7:35  Stalker  
  101  7:36  Gateway x2  
  109  7:37  Probe x2  
  109  7:40  Warp Prism (Chrono Boost)  
  113  7:58  Stalker x3  
  115  8:02  Stalker  
  117  8:06  Assimilator, Observer  
  117  8:08  Pylon  
  117  8:09  Pylon  
  117  8:11  Pylon  
  117  8:19  Photon Cannon  
  117  8:21  Photon Cannon  
  117  8:23  Assimilator  
  117  8:32  Stalker x4  
  123  8:43  Stalker x2  
  112  8:59  Stalker x3  
  112  9:00  Stalker  
  108  9:03  Stalker x4  
Tags
 
Add a new tag
Caveats
  • Supply blocks, unpowered buildings, or Contaminate may cause inaccurate times.
  • Supply counts are checked every 10 seconds.